[Event "Vladimir Bato Kontic Memorial 2021"]
[White "Bogosavljevic, Boban"]
[Black "Niemann, Hans Moke"]
[WhiteFideId "931152"]
[BlackFideId "2093596"]
[WhiteElo "2523"]
[BlackElo "2508"]
[Result "1/2-1/2"]
[Round "04"]
[TimeControl "5400+30"]
[Date "Sun Apr 18 2021"]
[WhiteClock "0:02:01"]
[BlackClock "0:44:52"]

1. Nf3 d5 2. g3 c5 3. Bg2 e6 4. O-O Nf6 5. b3 Nc6 6. Bb2 Bd6 7. d4 cxd4 8. Nxd4 O-O 9. c4 Nxd4 10. Qxd4 e5 11. Qd3 dxc4 12. Qxc4 Qb6 13. Nc3 a6 14. Nd5 Nxd5 15. Qxd5 Re8 16. Rfd1 Bc5 17. e3 Bg4 18. Rdc1 Rac8 19. h3 Be6 20. Qxb7 Qa5 21. Bxe5 Ba3 22. Bc7 Qh5 23. g4 Qg6 24. Rc6 h5 25. Bg3 hxg4 26. hxg4 Bb2 27. Re1 Qxg4 28. Qxa6 Ra8 29. Qb5 Bd7 30. Qc4 Rxa2 31. Qxg4 Bxg4 32. Rc2 Rc8 33. Rxc8+ Bxc8 34. b4 Ba6 35. Bf1 Kf8 36. b5 Bb7 37. b6 Ra5 38. Rd1 Ke8 39. Bc7 Rg5+ 40. Kh2 Be5+ 41. Bxe5 Rxe5 42. Bh3 Rh5 43. Kg3 Rh6 44. Rb1 Rg6+ 45. Kh2 Rh6 46. f4 Ke7 47. Kg3 Rg6+ 48. Kf2 Rh6 49. Bg4 Rh2+ 50. Kg3 Rg2+ 51. Kh3 Rc2 52. Ra1 Kd6 53. Ra7 Bc6 54. Rxf7 Rc3 55. Rxg7 Rxe3+ 56. Kh4 Rb3 57. Rg6+ Kc5 58. Rg5+ Kd6 59. f5 Rxb6 60. f6 Rb8 61. Kh5 Rh8+ 62. Kg6 Rg8+ 63. Kh6 Rxg5 64. Kxg5 Bd5 65. Kg6 Ke5 66. Kg7 Kf4 67. Be2 Kg5 68. Bf3 Be6 69. Bc6 Bb3 70. Be8 Bc4 71. Bf7 Be2 72. Bd5 Bh5 73. Bf3 Bg6 74. Be4 Bh5 75. Bf3 1/2-1/2

[Event "New in Chess Classic Prelims 2021"]
[White "Nakamura, Hikaru"]
[Black "Praggnanandhaa, R"]
[WhiteFideId "2016192"]
[BlackFideId "25059530"]
[WhiteElo "2736"]
[BlackElo "2608"]
[Result "1/2-1/2"]
[Round "14"]
[TimeControl "900+10"]
[Date "Mon Apr 26 2021"]
[WhiteClock "0:03:56"]
[BlackClock "0:00:00"]

1. Nf3 d5 2. g3 c5 3. Bg2 Nc6 4. d4 Nf6 5. O-O e6 6. c4 dxc4 7. dxc5 Qxd1 8. Rxd1 Bxc5 9. Nbd2 c3 10. bxc3 O-O 11. Bb2 Bd7 12. c4 Be7 13. Nb3 Rfc8 14. Bxf6 Bxf6 15. Rxd7 Bxa1 16. Nxa1 Rd8 17. Rd2 Ne5 18. Nb3 Nxc4 19. Rc2 Rd1+ 20. Bf1 Rc8 21. Nbd2 b5 22. a4 Nb6 23. Rxc8+ Nxc8 24. axb5 Nd6 25. e3 Nxb5 26. Kg2 Nc3 27. Nc4 Ra1 28. Nd4 Ra2 29. Bd3 a5 30. Nc2 a4 31. Kf1 e5 32. f3 Nd5 33. Ke1 a3 34. Kd1 Rxc2 35. Bxh7+ Kxh7 36. Kxc2 e4 37. fxe4 a2 38. Kb2 Nc3 39. Nd2 Kg6 40. Nf3 Kf6 41. Ka1 g5 42. g4 Nxe4 43. Kxa2 Nf2 44. Kb3 Nxg4 45. h4 gxh4 46. Nxh4 Nxe3 47. Kc3 Kg5 48. Nf3+ Kf4 49. Nd4 Ke4 50. Nb5 Nf5 51. Kd2 Kf3 52. Kd3 Ng3 53. Nd6 f6 54. Ne8 f5 55. Ng7 Kf4 56. Nxf5 Kxf5 1/2-1/2

[Event "Champions Chess Tour FTX Crypto Cup Prelims 2021"]
[White "Ding, Liren"]
[Black "Caruana, Fabiano"]
[WhiteFideId "8603677"]
[BlackFideId "2020009"]
[WhiteElo "2836"]
[BlackElo "2773"]
[Result "1/2-1/2"]
[Round "11"]
[TimeControl "900+10"]
[Date "Tue May 25 2021"]
[WhiteClock "0:00:46"]
[BlackClock "0:01:04"]

1. Nf3 d5 2. g3 c5 3. Bg2 Nc6 4. d4 Nf6 5. O-O cxd4 6. Nxd4 e5 7. Nxc6 bxc6 8. c4 Be6 9. Bg5 Rc8 10. Qa4 Qd7 11. Bxf6 gxf6 12. e3 Rb8 13. cxd5 cxd5 14. Qxd7+ Kxd7 15. Nc3 d4 16. exd4 Rxb2 17. Rfd1 Bb4 18. Na4 Rxa2 19. d5 Bg4 20. Rxa2 Bxd1 21. Nb2 Be2 22. Rxa7+ Kd6 23. Rxf7 Ra8 24. Rxf6+ Ke7 25. d6+ Kxf6 26. Bxa8 Bxd6 27. Na4 Bd3 28. Nc3 h6 29. Be4 Ba6 30. Kg2 Bc5 31. Nd5+ Kf7 32. Nc7 Bc8 33. f3 Bb6 34. Nd5 Bc5 35. g4 Be6 36. Nc3 Bb4 37. Ne2 Kf6 38. h4 Be1 39. Ng3 Bc4 40. g5+ hxg5 41. Nh5+ Ke7 42. hxg5 Bd2 43. g6 Bh6 44. Kg3 Be6 45. Kh4 Bd2 46. Kg3 Bh6 47. Kf2 Bc4 48. Bf5 Bb3 49. Kg3 Bc4 50. Kg4 Bb3 51. Ng3 Bf4 52. Ne4 Bd5 53. Nc3 Bc4 54. Ne4 Bd5 55. Nc5 Be3 56. Nd7 Bd4 57. g7 Bg8 58. Kg5 Kf7 59. Be4 Kxg7 60. Nf6 Be6 61. Ng4 Bxg4 62. fxg4 1/2-1/2

[Event "Champions Chess Tour FTX Crypto Cup Prelims 2021"]
[White "Svidler, Peter"]
[Black "Ding, Liren"]
[WhiteFideId "4102142"]
[BlackFideId "8603677"]
[WhiteElo "2714"]
[BlackElo "2799"]
[Result "1/2-1/2"]
[Round "10"]
[TimeControl "900+10"]
[Date "Mon May 24 2021"]
[WhiteClock "0:11:24"]
[BlackClock "0:12:36"]

1. Nf3 d5 2. g3 c5 3. Bg2 Nf6 4. O-O e6 5. d4 cxd4 6. Nxd4 e5 7. Nb3 Be6 8. c4 Nc6 9. cxd5 Nxd5 10. Bd2 Be7 11. Nc3 O-O 12. Nxd5 Bxd5 13. Ba5 Bxb3 14. Bxd8 Bxd1 15. Bxe7 Bxe2 16. Bxf8 Bxf1 17. Bxc6 Kxf8 18. Bxb7 Rb8 19. Kxf1 Rxb7 20. b3 Rc7 21. Rd1 Rc2 22. Rd5 Rxa2 23. Rxe5 Rb2 24. Ra5 Rxb3 25. Rxa7 g6 26. h4 h5 27. Kg2 Kg7 28. Ra8 Rb2 29. Ra7 Rb3 30. Ra8 Rb2 31. Ra7 Rb3 1/2-1/2

[Event "FIDE American World Cup Qualification Tournament 2021"]
[White "Valdes Romero, Leonardo"]
[Black "Curi, Gabriel"]
[WhiteFideId "6500331"]
[BlackFideId "3000400"]
[WhiteElo "2402"]
[BlackElo "2154"]
[Result "1-0"]
[Round "01-02"]
[TimeControl "7200+30"]
[Date "Sun May 23 2021"]
[WhiteClock "0:05:24"]
[BlackClock "0:07:32"]

1. Nf3 d5 2. g3 c5 3. Bg2 Nc6 4. d4 e6 5. O-O Nf6 6. a3 a6 7. dxc5 Bxc5 8. b4 Ba7 9. c4 O-O 10. Bb2 Qe7 11. Nbd2 Rd8 12. cxd5 exd5 13. Nb3 Ne4 14. Nbd4 Be6 15. Rc1 Rac8 16. Nxc6 bxc6 17. Nd4 c5 18. bxc5 Bxc5 19. Qd3 Nd6 20. Ba1 Nc4 21. a4 Qd7 22. Nxe6 fxe6 23. Bh3 Qf7 24. e4 Qg6 25. Qe2 Rc6 26. exd5 exd5 27. Bg2 Rcd6 28. Rxc4 Re6 29. Qd1 1-0

[Event "Champions Chess Tour FTX Crypto Cup Knockout 2021"]
[White "Nepomniachtchi, Ian"]
[Black "So, Wesley"]
[WhiteFideId "4168119"]
[BlackFideId "5202213"]
[WhiteElo "2778"]
[BlackElo "2741"]
[Result "1/2-1/2"]
[Round "04-02"]
[TimeControl "900+10"]
[Date "Fri May 28 2021"]
[WhiteClock "0:10:45"]
[BlackClock "0:10:45"]

1. Nf3 d5 2. g3 c5 3. Bg2 Nc6 4. d4 Nf6 5. O-O e6 6. c4 dxc4 7. Ne5 Bd7 8. Na3 cxd4 9. Naxc4 Be7 10. Qb3 Qc7 11. Bf4 Nh5 12. Nxc6 Nxf4 13. Nxe7 Nxg2 14. Rac1 Kxe7 15. Qa3+ Kf6 16. Qf3+ Ke7 17. Qa3+ Kf6 18. Qf3+ Ke7 19. Qa3+ 1/2-1/2

[Event "Women's Speed Chess Championship - Qualifier 2 2021"]
[White "Dordzhieva, Dinara"]
[Black "Mahalakshmi, M"]
[WhiteFideId "24157570"]
[BlackFideId "5001080"]
[WhiteElo "2260"]
[BlackElo "2176"]
[Result "0-1"]
[Round "06"]
[TimeControl "180+1"]
[Date "Sat May 29 2021"]
[WhiteClock "0:00:09"]
[BlackClock "0:00:20"]

1. Nf3 d5 2. g3 c5 3. Bg2 Nc6 4. O-O Nf6 5. d4 cxd4 6. Nxd4 e5 7. Nxc6 bxc6 8. c4 Be6 9. Nc3 Be7 10. Bg5 e4 11. cxd5 cxd5 12. Qd4 O-O 13. Rad1 Rb8 14. b3 h6 15. Bf4 Rb4 16. Qd2 Qa5 17. Na4 Rd8 18. Be5 Rb5 19. Bc3 Qa6 20. Rc1 Ba3 21. Rc2 Bf5 22. Bd4 e3 23. Bxe3 Bxc2 24. Qxc2 d4 25. Bf4 Bd6 26. Bxd6 Qxd6 27. Qd3 Re5 28. Rd1 Qe7 29. Bf3 g5 30. Nb2 g4 31. Nc4 gxf3 32. Nxe5 Qxe5 33. Qxf3 Kg7 34. Rd2 Qe4 35. Qxe4 Nxe4 36. Rd3 Nc3 37. e3 Nxa2 38. exd4 Nb4 39. Rd2 Rd5 40. Ra2 a6 41. Ra4 Rxd4 42. Kg2 Kf6 43. Kf3 Ke6 44. Ra5 Rd3+ 45. Ke4 Rxb3 46. Rh5 f6 47. Rxh6 a5 48. g4 Nd5 49. g5 a4 50. g6 a3 51. g7 Kf7 52. Rg6 Ne7 53. Rg1 a2 54. Ra1 Ra3 55. f4 Kxg7 56. f5 Ra4+ 57. Kd3 Nxf5 58. Kc3 Kg6 59. Kb3 Ra7 60. h3 Kh5 61. Kc4 Ng7 62. Kd5 Kh4 63. Ke4 Ra4+ 64. Kf3 f5 65. Kf2 f4 66. Kf3 Ne6 67. Kf2 Ra3 68. Ke2 f3+ 69. Kf2 Kxh3 70. Rg1 a1=Q 71. Rg3+ Kh4 72. Rg4+ Kh5 73. Rg5+ Kh6 74. Rg6+ Kh7 75. Rh6+ Kg8 76. Rg6+ Qg7 77. Rxg7+ Kxg7 78. Kg3 Kf6 79. Kf2 Kf5 80. Kg3 Ke4 81. Kf2 Kf4 82. Kf1 Ra2 0-1

[Event "Women's Speed Chess Championship - Qualifier 2 2021"]
[White "Sukandar, Irine Kharisma"]
[Black "Singgih, Diajeng Theresa"]
[WhiteFideId "7101937"]
[BlackFideId "7104391"]
[WhiteElo "2313"]
[BlackElo "1847"]
[Result "1-0"]
[Round "01"]
[TimeControl "180+1"]
[Date "Sat May 29 2021"]
[WhiteClock "0:00:11"]
[BlackClock "0:00:01"]

1. Nf3 d5 2. g3 c5 3. Bg2 Nc6 4. b3 e5 5. Bb2 e4 6. Ne5 Nxe5 7. Bxe5 Nf6 8. O-O Bd6 9. Bb2 O-O 10. d3 exd3 11. cxd3 Re8 12. Nd2 Bg4 13. Re1 Qe7 14. Nf1 d4 15. Qd2 Qd7 16. e4 Bh3 17. Bh1 Ng4 18. Qc2 Qe6 19. Nd2 Qh6 20. Nc4 Bc7 21. f3 Nxh2 22. Qxh2 Re6 23. Bc1 Qh5 24. Bg2 Bxg3 25. Qxh3 Qxh3 26. Bxh3 Bxe1 27. Bxe6 Bc3 28. Bxf7+ Kxf7 29. Rb1 Ke6 30. Bb2 b5 31. Na3 Bd2 32. Rd1 Be3+ 33. Kf1 a6 34. Ke2 h5 35. Nc2 Bf4 36. Rg1 g5 37. Bc1 Ke5 38. Bxf4+ Kxf4 39. Ne1 Rg8 40. Ng2+ Kg3 41. Ne1+ Kh2 42. Rg2+ Kh3 43. Kf2 g4 44. f4 g3+ 45. Kf3 Rg4 46. Re2 h4 47. Ng2 Rg8 48. e5 Kh2 49. e6 h3 50. e7 hxg2 51. Rxg2+ 1-0

[Event "Women's Speed Chess Championship - Qualifier 4 2021"]
[White "Zhai, Mo"]
[Black "Batsiashvili, Nino"]
[WhiteFideId "8600201"]
[BlackFideId "13602993"]
[WhiteElo "2342"]
[BlackElo "2286"]
[Result "0-1"]
[Round "10"]
[TimeControl "180+1"]
[Date "2021.06.03"]
[WhiteClock "0:00:03"]
[BlackClock "0:00:50"]

1. Nf3 d5 2. g3 c5 3. Bg2 Nc6 4. O-O Nf6 5. c4 d4 6. e3 e5 7. exd4 exd4 8. Re1+ Be7 9. d3 O-O 10. h3 h6 11. Ne5 Nxe5 12. Rxe5 Bd6 13. Re1 Bf5 14. b4 cxb4 15. Bb2 Bc5 16. Qf3 Qd7 17. g4 Bg6 18. Nd2 Rae8 19. Nb3 b6 20. Qg3 Rxe1+ 21. Rxe1 Re8 22. Rxe8+ Qxe8 23. Bxd4 Qe1+ 24. Bf1 Bxd4 25. Nxd4 Qa1 26. Nc6 Qxa2 27. Nxb4 Qa1 28. Nc6 a5 29. d4 a4 30. d5 a3 31. Ne7+ Kh7 32. h4 a2 33. g5 Nh5 34. Qb8 Qxf1+ 35. Kxf1 a1=Q+ 36. Kg2 Be4+ 37. f3 Bxf3+ 38. Kxf3 Qf1+ 0-1

[Event "Vezerkepzo GM June 2021"]
[White "Brhel, Jan"]
[Black "Manish, Anto Cristiano F"]
[WhiteFideId "14913070"]
[BlackFideId "25095927"]
[WhiteElo "2068"]
[BlackElo "2349"]
[Result "0-1"]
[Round "06"]
[TimeControl "5400+30"]
[Date "2021.06.20"]
[WhiteClock "0:17:19"]
[BlackClock "0:41:23"]

1. Nf3 d5 2. g3 c5 3. Bg2 Nc6 4. d4 Nf6 5. O-O e6 6. b3 cxd4 7. Nxd4 Bc5 8. Bb2 O-O 9. c4 Bd7 10. cxd5 Nxd5 11. Nxc6 Bxc6 12. Nc3 Nxc3 13. Bxc3 Qb6 14. Bxc6 Qxc6 15. Qe1 Qe4 16. a3 Rfd8 17. b4 Bb6 18. Ra2 Rac8 19. Rd2 h5 20. h4 Rd5 21. Rxd5 exd5 22. Qd2 d4 23. Ba1 Rc2 24. Qg5 Rxe2 25. Kh2 f6 26. Qxh5 d3 27. Kg1 Rxf2 0-1

[Event "Grand Chess Tour Paris Rapid & Blitz 2021"]
[White "Rapport, Richard"]
[Black "Caruana, Fabiano"]
[WhiteFideId "738590"]
[BlackFideId "2020009"]
[WhiteElo "2727"]
[BlackElo "2773"]
[Result "1/2-1/2"]
[Round "09"]
[TimeControl "1500+10"]
[Date "2021.06.20"]
[WhiteClock "0:00:55"]
[BlackClock "0:00:32"]

1. Nf3 d5 2. g3 c5 3. Bg2 Nf6 4. O-O e6 5. d3 Nc6 6. Na3 e5 7. e4 d4 8. Nc4 Qc7 9. a4 Be6 10. b3 O-O-O 11. Ng5 Bxc4 12. bxc4 Bd6 13. f4 Kb8 14. Rb1 h6 15. Nf3 h5 16. Nh4 Ng4 17. Nf5 g6 18. Nxd6 Rxd6 19. Qe2 f6 20. h3 Ne3 21. Bxe3 dxe3 22. Qxe3 Nb4 23. fxe5 fxe5 24. Rf2 Rhd8 25. Qg5 Nc6 26. h4 a6 27. Qd2 Ka7 28. Kh2 Nd4 29. Qg5 Nc6 30. Bh3 Qa5 31. Qh6 Qc7 32. Rbf1 Qb6 33. Rf7 Qb2 34. R1f2 Nd4 35. Qg7 Nxc2 36. d4 cxd4 37. c5 Rc6 38. Rc7 Rg8 39. Qd7 Rxc7 40. Qxc7 d3 41. Be6 Rb8 42. Bd5 Qb4 43. Kh3 Qb1 44. a5 Qh1+ 45. Rh2 Qf1+ 46. Rg2 d2 47. Qb6+ Ka8 48. c6 Qh1+ 49. Rh2 Qf1+ 50. Rg2 Qh1+ 51. Rh2 Qf1+ 1/2-1/2

[Event "Grand Chess Tour Paris Rapid & Blitz 2021"]
[White "Rapport, Richard"]
[Black "Caruana, Fabiano"]
[WhiteFideId "738590"]
[BlackFideId "2020009"]
[WhiteElo "2759"]
[BlackElo "2711"]
[Result "1-0"]
[Round "21"]
[TimeControl "300+1"]
[Date "2021.06.22"]
[WhiteClock "0:00:04"]
[BlackClock "0:00:03"]

1. Nf3 d5 2. g3 c5 3. Bg2 Nf6 4. O-O e6 5. d3 Nc6 6. Nbd2 Be7 7. e4 O-O 8. Re1 Qc7 9. c3 b5 10. exd5 exd5 11. Nb3 Be6 12. Be3 Nd7 13. Ng5 Bxg5 14. Bxg5 Rfe8 15. d4 c4 16. Nc5 Nxc5 17. dxc5 Qd7 18. b4 d4 19. a4 a6 20. Qf3 Rac8 21. axb5 axb5 22. h4 d3 23. Ra6 h6 24. Bd2 Ne7 25. Rd6 Qa7 26. h5 Qa2 27. Qf4 Rcd8 28. Bf3 Rf8 29. g4 Nd5 30. Bxd5 Bxd5 31. Kh2 Qa8 32. Kg3 Be6 33. f3 Rxd6 34. cxd6 Rd8 35. Be3 Qc6 36. Bc5 Ra8 37. Qe5 Qd5 38. Qxd5 Bxd5 39. f4 Bc6 40. f5 f6 41. Kf4 Re8 42. Ra1 Rd8 43. Ra2 Kf7 44. Ra7+ Rd7 45. Ra6 Bb7 46. Ra2 Rd8 47. Ra7 Rd7 48. Ra1 Rd8 49. Kg3 Bc6 50. Kf2 Rd7 51. Ra6 Be4 52. Ke3 Bg2 53. Ra2 Bd5 54. Kd2 Bf3 55. Ra5 Bxg4 56. Rxb5 Bxf5 57. Ra5 Bg4 58. b5 Bxh5 59. Ke3 Bg4 60. b6 Bh3 61. Ra7 Ke6 62. Rxd7 Kd5 1-0

[Event "South Ural Cup B 2021"]
[White "Radzhabov, Rodion"]
[Black "Safin, Timur"]
[WhiteElo "2353"]
[BlackElo "2190"]
[Result "1-0"]
[Round "02"]
[TimeControl "5400+30"]
[Date "2021.06.26"]
[WhiteClock "0:02:01"]
[BlackClock "0:15:44"]

1. Nf3 d5 2. g3 c5 3. Bg2 Nc6 4. d4 Nf6 5. O-O Bg4 6. Ne5 Bf5 7. Nxc6 bxc6 8. dxc5 e5 9. c4 Bxc5 10. Nc3 O-O 11. cxd5 cxd5 12. Bg5 d4 13. Nd5 Rb8 14. e4 Be6 15. Bxf6 gxf6 16. Rc1 Be7 17. b3 Ba3 18. Rc6 Kg7 19. f4 Rc8 20. Rxc8 Bxc8 21. Qh5 Bd6 22. Bh3 Bb7 23. Qg4+ Kh8 24. Qh4 Kg7 25. fxe5 Bxe5 26. Bf5 Rh8 27. Qg4+ Kf8 28. Rc1 h5 29. Qe2 h4 30. Qb5 Qa8 31. Nc7 Qb8 32. Qd7 hxg3 33. Bg6 gxh2+ 34. Kh1 Bxe4+ 35. Bxe4 Qb6 36. Bd5 Rh7 37. Ne6+ 1-0

[Event "Vezerkepzo GM Mix 2021"]
[White "Egresi, Mate"]
[Black "Leszko, Bence"]
[WhiteFideId "738506"]
[BlackFideId "769070"]
[WhiteElo "2383"]
[BlackElo "2311"]
[Result "1/2-1/2"]
[Round "07"]
[TimeControl "5400+30"]
[Date "2021.06.29"]
[WhiteClock "0:06:34"]
[BlackClock "0:16:17"]

1. Nf3 d5 2. g3 c5 3. Bg2 Nc6 4. d4 cxd4 5. Nxd4 e5 6. Nxc6 bxc6 7. c4 Nf6 8. O-O Be7 9. Nc3 Be6 10. Bg5 e4 11. cxd5 cxd5 12. Qa4+ Qd7 13. Qxd7+ Nxd7 14. Be3 Bf6 15. Rfd1 Bxc3 16. bxc3 Nb6 17. Rdb1 O-O 18. Bd4 Rfc8 19. a4 Nc4 20. a5 a6 21. f3 exf3 22. Bxf3 Rab8 23. Rb4 Nd2 24. Rb6 Ra8 25. Kf2 Nc4 26. Rb4 Nd6 27. Rab1 h6 28. Rb6 Nc4 29. e4 Rd8 30. R6b4 Nd2 31. exd5 Bf5 32. Re1 Nxf3 33. Kxf3 Rxd5 34. Re5 Rxe5 35. Bxe5 Rc8 36. Bd4 Bd3 37. Rb6 Rc7 38. Ke3 Bc4 39. Rb8+ Kh7 40. Bb6 Rc6 41. Rb7 Be6 42. Rc7 Rxc7 43. Bxc7 Kg6 44. Kd4 f6 45. c4 Kf7 46. c5 Ke7 47. c6 Bg4 48. Kc5 Bf3 49. Bd6+ Kd8 50. Kb6 Kc8 51. Bf8 g5 52. Bxh6 g4 53. Bf4 Be2 54. Kc5 f5 55. c7 Bd3 56. Kd4 Bb1 57. Ke3 Bc2 58. Be5 Bb1 59. Kf4 Bc2 60. Kg5 Bb1 61. Kf6 Bc2 62. Bd6 Bb1 63. Ke5 Bc2 64. Kd4 Bb1 65. Kc3 Be4 66. Be5 Bb1 67. Kd4 Bc2 68. Ke3 Bb1 69. Bd6 Bc2 70. Kf2 Bb1 71. Kg2 Be4+ 72. Kf1 Bb1 73. Ke2 Bc2 74. Kd2 Bb1 75. Ke3 Bc2 76. Bf4 1/2-1/2